 Dungeon Sprint DCSS version 0.23.2-30-g0e89c35649 (webtiles) character file.

Game seed: 7994433565246923486

31061 mahrnol the Slayer (level 13, -16/150 HPs)
             Began as a Minotaur Fighter on June 17, 2019.
             Was the Champion of Makhleb.
             Demolished by a shambling mangrove (28 damage)
             ... in the Dungeon (Sprint IX: "|||||||||||||||||||||||||||||").
             The game lasted 00:35:21 (3394 turns).

mahrnol the Slayer (Minotaur Fighter)               Turns: 3394, Time: 00:35:22

Health: -16/150    AC: 16    Str: 26    XL:     13   Next: 23%
Magic:  21/21      EV: 14    Int:  5    God:    Makhleb [******]
Gold:   1921       SH: 13    Dex: 15    Spells: 12/12 levels left

rFire    + . .     SeeInvis +   E - +3 scimitar (flame)
rCold    + . .     Gourm    .   c - +0 shield
rNeg     + . .     Faith    .   L - +0 swamp dragon scales
rPois    +         Spirit   .   K - -2 hat of the Alchemist {rElec rPois rF+ rC+ rN+ MR+ rMut rCorr}
rElec    +         Reflect  .   M - +1 cloak
rCorr    +         Harm     .   t - +0 pair of gloves
rMut     +         NoTele   +   l - +0 pair of boots
MR       +....                  H - amulet of regeneration
Stlth    ++........             v - +2 ring of evasion
HPRegen  0.75/turn              G - ring of see invisible
MPRegen  0.17/turn

@: agile, grasped by roots, constricted, studying Maces & Flails
A: retaliatory headbutt, horns 2
a: Minor Destruction, Lesser Servant of Makhleb, Major Destruction, Greater
Servant of Makhleb, Renounce Religion


You were in the Dungeon.
You worshipped Makhleb.
Makhleb was exalted by your worship.
You were not hungry.

You visited 1 branch You collected 1921 gold pieces.

Inventory:

Hand Weapons
 a - a +1 broad axe of chopping
 q - a +2 dire flail of protection
 r - a +2 halberd of distortion
 C - a +3 dagger of venom
 E - a +3 scimitar of flaming (weapon)
 J - the +8 shortbow "Orb Guardian's Curse" {venom, *Drain rElec rF++ Str+8}
   (You found it in the Dungeon)

   It poisons the ammo it fires.
   It affects your strength (+8).
   It greatly protects you from fire.
   It insulates you from electricity.
   It causes draining when unequipped.
Armour
 c - a +0 shield (worn)
 l - a +0 pair of boots (worn)
 s - a +3 chain mail
 t - a +0 pair of gloves (worn)
 u - +0 acid dragon scales
 K - the -2 hat of the Alchemist (worn) {rElec rPois rF+ rC+ rN+ MR+ rMut rCorr}
   (You found it in the Dungeon)

   It protects you from fire.
   It protects you from cold.
   It insulates you from electricity.
   It protects you from poison.
   It protects you from negative energy.
   It affects your resistance to hostile enchantments.
   It provides partial protection from all sources of acid and corrosion.
   It protects you from mutation.
 L - +0 swamp dragon scales (worn)
 M - a +1 cloak (worn)
Jewellery
 b - a +3 ring of intelligence
 v - a +2 ring of evasion (left hand)
 F - an uncursed ring of protection from magic
 G - a ring of see invisible (right hand)
 H - an amulet of regeneration (around neck)
 I - an uncursed ring of protection from magic
Wands
 p - a wand of iceblast (10)
Scrolls
 k - 5 scrolls of blinking
 n - 3 scrolls of remove curse
 o - 2 scrolls of amnesia
 z - a scroll of identify
 A - 2 scrolls of enchant weapon
 B - 2 scrolls of fear
 N - 4 scrolls of enchant armour
Potions
 d - 2 potions of might
 e - 4 potions of curing
 g - 5 potions of heal wounds
 h - 3 potions of haste
 i - 4 potions of magic
 j - a potion of berserk rage
 m - a potion of invisibility
 w - 2 potions of agility
 x - a potion of resistance
 D - a potion of brilliance
 P - a potion of degeneration {unknown}
Books
 y - a manual of Maces & Flails
Comestibles
 f - 11 rations
 O - 10 chunks of flesh


   Skills:
 + Level 23.8 Fighting
 * Level 12.9 Long Blades
 + Level 2.1(9.9) Axes
 - Level 14.4(14.5) Maces & Flails
 + Level 16.8 Armour
 + Level 10.9 Shields
 * Level 13.0 Invocations
 + Level 10.0 Evocations


You had 12 spell levels left.
You didn't know any spells.
Your spell library was empty.

Dungeon Overview and Level Annotations

Branches:
Dungeon (1/1)

Altars:
Cheibriados
Dithmenos
Elyvilon
Fedhas
Gozag
Hepliaklqana
Kikubaaqudgha
Makhleb
Nemelex Xobeh
Okawaru
Qazlal
Ru
Sif Muna
Trog
Uskayaw
Vehumet
Wu Jian
Xom
Yredelemnul
Zin
The Shining One
Beogh
Jiyva
Lugonu

Shops:
D *=(%


Innate Abilities, Weirdness & Mutations

You reflexively headbutt those who attack you in melee.
You have a pair of horns on your head.


Message History

The shambling mangrove hits you.
* * * LOW HITPOINT WARNING * * *
x2 The grasping roots constrict you!
The spriggan rider is engulfed in noxious fumes.
The spriggan rider appears confused.
The hornet is engulfed in noxious fumes.
The hornet appears confused.
The hornet barely misses the thorn hunter.
You feel better.
The thorn hunter is no longer moving slowly.
The spriggan rider hits the shambling mangrove but does no damage.
The shambling mangrove hits you!!
* * * LOW HITPOINT WARNING * * *
The grasping roots constrict you. You block the hornet's attack.
The hornet barely misses the swamp drake.
You slash the hornet! You burn the hornet.
The hornet is moderately wounded.
You block the hornet's attack.
The hornet misses the thorn hunter.
The shambling mangrove hits you!!
You die...

_▓.▓.▓.▓.▓.▓.▓.▓)▓
_▓.▓.▓.▓.▓.▓.▓÷▓÷▓
_▓.▓.▓.▓.▓.▓.▓.▓P▓
_▓.▓.▓.▓)▓.▓(▓p▓P▓
_▓.▓.▓.▓'▓.▓.▓.▓.▓
'▓.▓†▓.▓[▓.▓(▓p▓.▓
.▓.▓÷▓.▓)▓.▓'▓.▓.▓
.▓.▓.▓.▓.▓.▓)▓.▓y▓
|▓.▓.▓.▓.▓.▓)▓.▓@▓
)▓.▓.▓.▓.▓.▓)▓.♣f♣
.▓.▓.▓.▓∩▓.▓)▓.♣i♣
.▓.▓.▓.▓.▓.▓.▓.♣f♣
[▓.▓.▓.▓∩▓.▓.▓.♣y♣
.▓.▓.▓.▓.▓.▓.▓.♣k♣
.▓.▓[▓.▓∩▓.▓(▓.♣t♣
)▓.▓)▓.▓.▓.▓.▓.♣n♣
.▓.▓.▓.▓∩▓.▓(▓.♣


You could see a thorn hunter, a shambling mangrove, a spriggan rider (confused),
a ghost crab, a bog body, 2 hornets and a swamp drake.

Vanquished Creatures
  Kirke (D)
  A nagaraja (D)
  A very ugly thing (D)
  An entropy weaver (D)
  Josephine (D)
  A fire dragon (D)
  Erica (D)
  3 naga warriors (D)
  2 merfolk avatars (D)
  2 centaur warriors (D)
  A satyr (D)
  A two-headed ogre (D)
  A shock serpent (D)
  Nergalle (D)
  A wizard (D)
  2 orc knights (D)
  6 orc sorcerers (D)
  A cyclops (D)
  2 wolf spiders (D)
  A water nymph (D)
  A merfolk siren (D)
  4 black mambas (D)
  A naga mage (D)
  4 spiny frogs (D)
  A rime drake (shapeshifter) (D)
  A komodo dragon (D)
  A yaktaur (D)
  2 merfolk (D)
  2 jumping spiders (D)
  A wind drake (D)
  A tyrant leech (D)
  2 hornets (D)
  4 blink frogs (D)
  A hippogriff (D)
  A snapping turtle (D)
  4 wraiths (D)
  A hog (D)
  A wyvern (D)
  3 yaks (D)
  3 redbacks (D)
  A human (shapeshifter) (D)
  3 vampire mosquitoes (D)
  A naga (D)
  A water moccasin (D)
  12 orc warriors (D)
  2 porcupines (D)
  2 black bears (D)
  An eye of draining (D)
  An ice beast (D)
  A wolf (D)
  3 centaurs (D)
  2 crocodiles (D)
  A big kobold (D)
  4 bullfrogs (D)
  2 crimson imps (D)
  A quasit (D)
  4 orc priests (D)
  A hound (D)
  9 orc wizards (D)
  2 worker ants (D)
  6 orcs (D)
  A bat skeleton (D)
  A giant cockroach (D)
  2 hobgoblins (D)
  A giant cockroach zombie (D)
  3 kobolds (D)
138 creatures vanquished.

Vanquished Creatures (others)
  A hornet (D)
  A spriggan (D)
2 creatures vanquished.

Grand Total: 140 creatures vanquished

Notes
Turn   | Place    | Note
-------+----------+-------------------------------------------
     0 | D        | mahrnol the Minotaur Fighter began the quest for the Orb.
     0 | D        | Reached XP level 1. HP: 19/19 MP: 0/0
    13 | D        | Reached skill level 4 in Fighting
   205 | D        | Noticed a crimson imp
   205 | D        | Noticed a crimson imp
   205 | D        | Noticed a worker ant
   210 | D        | Killed a crimson imp
   210 | D        | Reached skill level 5 in Fighting
   210 | D        | Reached skill level 5 in Armour
   210 | D        | Reached skill level 5 in Shields
   210 | D        | Reached XP level 2. HP: 30/30 MP: 1/1
   210 | D        | Reached XP level 3. HP: 37/37 MP: 2/2
   219 | D        | Reached skill level 6 in Fighting
   219 | D        | Reached XP level 4. HP: 29/45 MP: 3/3
   369 | D        | Found a roughly hewn altar of Beogh.
   369 | D        | Found a snail-covered altar of Cheibriados.
   369 | D        | Found a shadowy altar of Dithmenos.
   369 | D        | Found a white marble altar of Elyvilon.
   369 | D        | Found a blossoming altar of Fedhas.
   369 | D        | Found an opulent altar of Gozag.
   370 | D        | Found a hazy altar of Hepliaklqana.
   371 | D        | Found a viscous altar of Jiyva.
   372 | D        | Found an ancient bone altar of Kikubaaqudgha.
   373 | D        | Found a corrupted altar of Lugonu.
   374 | D        | Found a burning altar of Makhleb.
   375 | D        | Found a sparkling altar of Nemelex Xobeh.
   376 | D        | Found an iron altar of Okawaru.
   377 | D        | Found a stormy altar of Qazlal.
   378 | D        | Found a sacrificial altar of Ru.
   379 | D        | Found a deep blue altar of Sif Muna.
   380 | D        | Found a bloodstained altar of Trog.
   381 | D        | Found a hide-covered altar of Uskayaw.
   382 | D        | Became a worshipper of Makhleb the Destroyer
   383 | D        | Found a radiant altar of Vehumet.
   384 | D        | Found an ornate altar of the Wu Jian Council.
   385 | D        | Found a shimmering altar of Xom.
   386 | D        | Found a basalt altar of Yredelemnul.
   387 | D        | Found a glowing silver altar of Zin.
   388 | D        | Found a glowing golden altar of the Shining One.
   451 | D        | Noticed a big kobold
   451 | D        | Noticed a centaur
   451 | D        | Noticed an ice beast
   451 | D        | Noticed a centaur
   454 | D        | Killed a big kobold
   454 | D        | Reached skill level 8 in Fighting
   454 | D        | Reached skill level 5 in Maces & Flails
   454 | D        | Reached XP level 5. HP: 53/53 MP: 4/4
   457 | D        | Killed a centaur
   460 | D        | Killed an ice beast
   460 | D        | Reached * piety under Makhleb
   460 | D        | Reached skill level 9 in Fighting
   460 | D        | Reached XP level 6. HP: 58/66 MP: 5/5
   464 | D        | Reached skill level 10 in Fighting
   465 | D        | Reached ** piety under Makhleb
   508 | D        | Noticed a yak
   508 | D        | Noticed a hippogriff
   513 | D        | Reached skill level 1 in Evocations
   513 | D        | Reached XP level 7. HP: 73/73 MP: 2/7
   526 | D        | Killed a yak
   526 | D        | Reached skill level 11 in Fighting
   526 | D        | Reached skill level 10 in Maces & Flails
   526 | D        | Reached skill level 10 in Shields
   532 | D        | Killed a hippogriff
   532 | D        | Reached *** piety under Makhleb
   532 | D        | Reached skill level 10 in Armour
   537 | D        | Reached XP level 8. HP: 82/82 MP: 4/9
   690 | D        | Noticed a spiny frog
   690 | D        | Noticed a blink frog
   695 | D        | Noticed a black mamba
   696 | D        | Killed a spiny frog
   696 | D        | Reached **** piety under Makhleb
   696 | D        | Reached skill level 12 in Fighting
   698 | D        | Reached skill level 5 in Evocations
   712 | D        | Killed a blink frog
   719 | D        | Reached ***** piety under Makhleb
   719 | D        | Reached XP level 9. HP: 86/92 MP: 10/12
   722 | D        | Killed a black mamba
   722 | D        | Reached skill level 13 in Fighting
   786 | D        | Noticed a komodo dragon
   786 | D        | Noticed a spiny frog
   792 | D        | Killed a komodo dragon
   792 | D        | Reached skill level 14 in Fighting
   797 | D        | Noticed a black mamba
   817 | D        | Killed a spiny frog
   817 | D        | Reached ****** piety under Makhleb
   820 | D        | Reached skill level 15 in Fighting
   825 | D        | Killed a black mamba
   825 | D        | Reached XP level 10. HP: 90/106 MP: 13/15
   950 | D        | Noticed a spiny frog
   950 | D        | Noticed a spiny frog
   967 | D        | Reached skill level 16 in Fighting
   976 | D        | Killed a spiny frog
   980 | D        | Killed a spiny frog
   990 | D        | Reached skill level 17 in Fighting
  1345 | D        | Noticed Josephine
  1349 | D        | Reached skill level 10 in Evocations
  1355 | D        | Killed Josephine
  1370 | D        | Reached skill level 18 in Fighting
  1379 | D        | Noticed Erica
  1385 | D        | Killed Erica
  1436 | D        | Reached XP level 11. HP: 120/121 MP: 17/17
  1456 | D        | Reached skill level 5 in Invocations
  1600 | D        | Noticed an orc knight
  1610 | D        | Reached skill level 19 in Fighting
  1625 | D        | Killed an orc knight
  1911 | D        | Found Wynoz's Assorted Antiques.
  1911 | D        | Noticed an orc sorcerer
  1911 | D        | Noticed an orc sorcerer
  1912 | D        | Noticed an orc sorcerer
  1917 | D        | Killed an orc sorcerer
  1917 | D        | Reached skill level 1 in Long Blades
  1918 | D        | Noticed an orc sorcerer
  1920 | D        | Paralysed by an orc sorcerer for 5 turns
  1921 | D        | Noticed a sun demon
  1923 | D        | Noticed a sun demon
  1928 | D        | Killed an orc sorcerer
  1949 | D        | Killed an orc sorcerer
  1954 | D        | Killed an orc sorcerer
  1954 | D        | Reached skill level 20 in Fighting
  1958 | D        | Found Ymips's Jewellery Shoppe.
  1978 | D        | Found Dahiaruo's Antique Weapon Emporium.
  1982 | D        | Found Laymm's Food Shoppe.
  1985 | D        | Noticed an orc sorcerer
  1986 | D        | Noticed an orc sorcerer
  2053 | D        | Killed an orc sorcerer
  2312 | D        | Killed an orc sorcerer
  2454 | D        | Found the -2 hat of the Alchemist {rElec rPois rF+ rC+ rN+
                  | MR+ rMut rCorr}
  2466 | D        | Got the +8 shortbow "Orb Guardian's Curse" {venom, *Drain
                  | rElec rF++ Str+8}
  2546 | D        | Noticed a two-headed ogre
  2546 | D        | Noticed a fire dragon
  2549 | D        | Noticed an orc knight
  2551 | D        | Reached skill level 5 in Long Blades
  2553 | D        | Killed a two-headed ogre
  2555 | D        | Noticed a wizard
  2563 | D        | Killed a fire dragon
  2568 | D        | Noticed an unseen horror
  2571 | D        | Killed an orc knight
  2577 | D        | Killed a wizard
  2577 | D        | Reached skill level 21 in Fighting
  2578 | D        | Noticed a centaur warrior
  2584 | D        | an unseen horror changed into a rime drake
  2597 | D        | Killed a centaur warrior
  2597 | D        | Reached skill level 15 in Armour
  2597 | D        | Reached XP level 12. HP: 136/136 MP: 18/18
  2597 | D        | Noticed a purple very ugly thing
  2609 | D        | Killed a purple very ugly thing
  2626 | D        | Noticed a centaur warrior
  2632 | D        | Killed a centaur warrior
  2632 | D        | Reached skill level 10 in Invocations
  2776 | D        | Noticed Kirke
  2784 | D        | Killed Kirke
  2784 | D        | Reached skill level 22 in Fighting
  2809 | D        | Noticed Nergalle
  2824 | D        | Killed Nergalle
  2856 | D        | Noticed a nagaraja
  2856 | D        | Noticed a naga warrior
  2865 | D        | Killed a nagaraja
  2867 | D        | Noticed a naga warrior
  2873 | D        | Noticed a naga warrior
  2884 | D        | Killed a naga warrior
  2893 | D        | Reached skill level 10 in Long Blades
  2912 | D        | Killed a naga warrior
  2912 | D        | Reached skill level 23 in Fighting
  2930 | D        | Killed a naga warrior
  3049 | D        | Noticed an entropy weaver
  3072 | D        | Killed an entropy weaver
  3079 | D        | Reached XP level 13. HP: 59/148 MP: 21/21
  3315 | D        | Reached skill level 1 in Axes
  3383 | D        | Noticed a thorn hunter
  3394 | D        | Demolished by a shambling mangrove

Skill      XL: |  1  2  3  4  5  6  7  8  9 10 11 12 13 |
---------------+----------------------------------------+-----
Fighting       | 5 6 8 9 10 11 12 15 18 21 23 | 23.8
Armour         | 5 6 7 8 9 10 11 13 15 16 | 16.8
Shields        | 5 6 7 8 9 10 | 10.9
Maces & Flails | 3 4 5 7 9 11 14 | 14.4
Evocations     | 1 3 5 8 10 | 10.0
Invocations    | 4 9 12 13 | 13.0
Long Blades    | 7 11 12 | 12.9
Axes           | 2 |  2.1

Action                   |  1- 3 |  4- 6 |  7- 9 | 10-12 | 13-15 || total
-------------------------+-------+-------+-------+-------+-------++-------
Melee: Flail             |    25 |     6 |       |       |       ||    31
       Headbutt          |     4 |     6 |    24 |    73 |    17 ||   124
       Dire flail        |       |    18 |    98 |   365 |    31 ||   512
       Scimitar          |       |       |       |    26 |    24 ||    50
       Broad axe         |       |       |       |       |    10 ||    10
Invok: Major Destruction |       |       |       |     5 |     1 ||     6
       Minor Destruction |       |       |       |     1 |       ||     1
       Lesser Servant of |       |       |       |     1 |       ||     1
  Use: Potion            |       |       |       |       |     3 ||     3
  Eat: Chunk             |       |       |       |     4 |     1 ||     5
       Ration            |       |       |       |     1 |       ||     1
Armor: Scale mail        |    11 |     5 |    34 |    57 |       ||   107
       Chain mail        |       |       |       |    76 |     9 ||    85
       Swamp dragon scal |       |       |       |       |    19 ||    19
Dodge: Dodged            |     5 |     8 |    41 |   118 |    25 ||   197
Block: Shield            |    15 |     2 |       |       |    11 ||    28
       Rpst.: Scimitar   |       |       |       |     3 |     5 ||     8
